 Dungeon Crawl Stone Soup version 0.30-a0-1082-g70414cbcbb (webtiles) character file.

Game seed: 14940604522278232343

104286 gelatine the Thaumaturge (level 15, -2/113 HPs)
             Began as a Demonspawn Venom Mage on Apr 15, 2023.
             Was a High Priest of Vehumet.
             Slain by Jorgrun
             ... wielding a +0 heavy quarterstaff
              (10 damage)
             ... while petrified by Jorgrun
             ... on level 2 of the Snake Pit.
             The game lasted 02:08:05 (29739 turns).

gelatine the Thaumaturge (Demonspawn Venom Mage)   Turns: 29739, Time: 02:08:05

Health: -2/113     AC: 21    Str:  8    XL:     15   Next: 91%
Magic:  0/30       EV: -1    Int: 21    God:    Vehumet [*****.]
Gold:   1245       SH:  0    Dex: 19    Spells: 5/36 levels left

rFire   . . .      SeeInvis .    h - +7 Throatcutter {drain, coup de grace}
rCold   . . .      Faith    .    (no shield)
rNeg    + + +      Spirit   +    G - +0 acid dragon scales
rPois   ∞          Reflect  .    v - +2 helmet
rElec   +          Rampage  .    (cloak unavailable)
rCorr   +                        R - +1 pair of gloves
Will    +....                    q - +2 pair of boots
Stlth   ++++                     K - brooch of Shielding {Spirit SH+8}
HPRegen 0.38/turn                U - +5 ring of evasion
MPRegen 0.22/turn                T - ring of poison resistance

@: petrified, grasped by roots, constricted
A: thin metallic scales 3, powered by death 2, weakness stinger 3, camouflage 1,
agile 1
a: Renounce Religion


You were on level 2 of the Snake Pit.
You worshipped Vehumet.
Vehumet was extremely pleased with you.
You visited 7 branches of the dungeon, and saw 24 of its levels.

You collected 3103 gold pieces.
You spent 1858 gold pieces at shops.

Inventory:

Hand Weapons
 e - a +4 long sword of protection
 h - the +7 Throatcutter (weapon) {drain, coup de grace}
   (You took it off Terence on level 3 of the Dungeon)
 u - the +5 long sword "Esoeheal" {speed, rElec rF- Str+2}
   (You took it off a deep elf pyromancer on level 7 of the Dungeon)

   Str:       It affects your strength (+2).
   rF:        It makes you vulnerable to fire.
   rElec:     It insulates you from electricity.
Missiles
 V - a throwing net
Armour
 i - a +2 robe of cold resistance
 m - the +0 scale mail "Jalonaf" {rCorr Slay+3}
   (You found it on level 5 of the Dungeon)

   Slay:      It affects your accuracy & damage with ranged weapons and melee
   (+3).
   rCorr:     It protects you from acid and corrosion.
 q - a +2 pair of boots (worn)
 v - a +2 helmet (worn)
 A - +0 swamp dragon scales
 G - +0 acid dragon scales (worn)
 H - a +0 troll leather armour
 R - a +1 pair of gloves (worn)
Magical Staves
 f - a staff of air
 l - a staff of poison
 E - a staff of conjuration
 N - a staff of earth
Jewellery
 a - an amulet of regeneration
 b - a ring of ice
 s - a ring of wizardry
 I - a +6 ring of strength
 K - the brooch of Shielding (around neck) {Spirit SH+8}
   (You found it on level 2 of the Lair of Beasts)

   [amulet of guardian spirit]

   It causes incoming damage to be divided between your reserves of health and
   magic.
   SH:        It affects your SH (+8).
 Q - a ring of positive energy
 T - a ring of poison resistance (right hand)
 U - a +5 ring of evasion (left hand)
Wands
 n - a wand of iceblast (10)
 t - a wand of acid (16)
 x - a wand of mindburst (5)
 B - a wand of polymorph (27)
 J - a wand of charming (2)
Scrolls
 r - a scroll of magic mapping
 w - a scroll of amnesia {unknown}
 y - 8 scrolls of fog
 F - 4 scrolls of teleportation
 O - a scroll of silence
 P - 2 scrolls of blinking
 S - 3 scrolls of identify
 Y - a scroll of vulnerability
 Z - a scroll of fear
Potions
 c - 3 potions of attraction
 d - 4 potions of lignification
 g - 3 potions of brilliance
 j - 2 potions of resistance
 k - 3 potions of flight
 o - 5 potions of curing
 p - 3 potions of ambrosia
 z - a potion of invisibility
 C - 4 potions of mutation
 D - 4 potions of haste
 L - 2 potions of heal wounds
 W - 3 potions of berserk rage


   Skills:
 * Level 9.0 Fighting
 + Level 0.2(5.3) Short Blades
 * Level 8.7 Long Blades
 * Level 8.7 Armour
 * Level 9.0 Dodging
 + Level 5.5 Stealth
 * Level 4.0 Shields
 + Level 11.3 Spellcasting
 + Level 8.5 Conjurations
 + Level 4.2 Transmutations
 + Level 9.1 Fire Magic
 * Level 3.6 Air Magic
 * Level 1.7 Earth Magic
 + Level 10.2 Poison Magic
 + Level 4.9 Evocations


You had 5 spell levels left.
You knew the following spells:

 Your Spells              Type           Power      Damage    Failure   Level
a - Sting                 Tmut/Pois      100%       1d8       1%          1
b - Poisonous Vapours     Pois/Air       80%        N/A       1%          2
c - Mephitic Cloud        Conj/Pois/Air  43%        N/A       1%          3
d - Olgreb's Toxic Radia  Pois           53%        N/A       1%          4
e - Foxfire               Conj/Fire      100%       2x1d9     1%          1
f - Ignite Poison         Fire/Tmut/Pois 44%        N/A       1%          3
g - Scorch                Fire           100%       2d9       1%          2
h - Flame Wave            Conj/Fire      48%        2d12      1%          4
i - Eringya's Noxious Bo  Tmut/Pois      21%        N/A       17%         6
j - Lee's Rapid Deconstr  Erth           9%         3d7*      28%         5

Your spell library contained the following spells:

 Spells                   Type           Power      Damage    Failure   Level
 Conjure Ball Lightning   Conj/Air       18%        3x3d6     28%         6
 Magic Dart               Conj           100%       1d8       1%          1
 Shock                    Conj/Air       100%       1d9       1%          1
 Cigotuvi's Dreadful Rot  Necr/Pois/Air  62%        N/A       1%          2
 Searing Ray              Conj           94%        2d7       1%          2
 Hailstorm                Conj/Ice       29%        3d8       1%          3
 Spider Form              Tmut/Pois      42%        N/A       1%          3
 Sticky Flame             Conj/Fire      48%        2d7       1%          4
 Fireball                 Conj/Fire      24%        3d11      1%          5
 Freeze                   Ice            44%        1d6       2%          1
 Passwall                 Tmut/Erth      20%        N/A       4%          2
 Fulminant Prism          Conj/Hex       14%        3d8       4%          4
 Swiftness                Air            27%        N/A       6%          3
 Freezing Cloud           Conj/Ice/Air   14%        6-21      13%         5
 Call Imp                 Summ           22%        N/A       14%         2
 Ensorcelled Hibernation  Hex/Ice        22%        N/A       14%         2
 Ozocubu's Armour         Ice            11%        N/A       26%         3
 Ice Form                 Ice/Tmut       20%        N/A       36%         4
 Anguish                  Hex/Necr       5%         N/A       65%         4
 Summon Ice Beast         Ice/Summ       11%        N/A       65%         4
 Starburst                Conj/Fire      24%        6d8       11%         6
 Plasma Beam              Fire/Air       19%        2x1d33    24%         6
 Simulacrum               Ice/Necr       5%         N/A       100%        6
 Summon Cactus Giant      Summ           5%         N/A       100%        6
 Enfeeble                 Hex            5%         N/A       100%        7
 Summon Hydra             Summ           5%         N/A       100%        7
 Chain Lightning          Conj/Air       18%        3d24      100%        9
 Fire Storm               Conj/Fire      24%        8d6       100%        9
 Shatter                  Erth           9%         3d11*     100%        9


Dungeon Overview and Level Annotations

Branches:
Dungeon (12/15)            Temple (1/1) D:6            Lair (4/5) D:10
  Swamp (2/4) Lair:3        Snake (2/4) Lair:2        Slime (0/5) Lair:4
    Orc (2/2) D:12            Elf (1/3) Orc:2

Altars:
Ashenzari
Cheibriados
Dithmenos
Fedhas
Gozag
Hepliaklqana
Kikubaaqudgha
Makhleb
Nemelex Xobeh
Okawaru
Qazlal
Ru
Sif Muna
Trog
Uskayaw
Vehumet
Wu Jian
Xom
Yredelemnul
Jiyva

Shops:
D:2 :?   D:7 =?(   D:11 ?   Orc:2 *([*:   Elf:1 :

Portals:
Trove: D:10 (give 10 potions of heal wounds)

Annotations:
Lair:2 3 runed translucent doors, NateTC's ghost, journeyman GrFi; SirDiesAlot's ghost, journeyman TeSu; mandoloar's ghost, journeyman OpEE
Snake:2 Jorgrun


Innate Abilities, Weirdness & Mutations

You are completely covered in thin metallic scales. (AC +4, rElec)
You regenerate health from kills.
You have a sharp stinger which inflicts weakening toxins.
Your skin changes colour to match your surroundings (Stealth+).
You are agile. (Dex +4, Str/Int -1)


Message History

Jorgrun is engulfed in blazing flames.
Jorgrun gestures next to the black mamba while chanting.
Some rock shatters into small pieces.
The grasping roots constrict you!
The black mamba is engulfed in blazing flames.
Jorgrun is engulfed in blazing flames.
Jorgrun mutters some incantations to himself.
Jorgrun points at you and mumbles some strange words.
You block the iron shot. The grasping roots constrict you!
* * * LOW HITPOINT WARNING * * *
Your limbs are stiffening.
You escape the roots grasp.
The black mamba bites you.
* * * LOW HITPOINT WARNING * * *
The black mamba completely misses you.
You have turned to stone.
The black mamba bites you but does no damage. x4
Jorgrun hits you with a +0 heavy quarterstaff.
* * * LOW HITPOINT WARNING * * *
The black mamba bites you but does no damage.
The black mamba bites you but does no damage. x2
Jorgrun points at you and mumbles some strange words.
Roots burst forth from the earth!
The grasping roots grab you! The grasping roots constrict you!
* * * LOW HITPOINT WARNING * * *
The black mamba bites you but does no damage. x2
Jorgrun hits you with a +0 heavy quarterstaff.
* * * LOW HITPOINT WARNING * * *
The grasping roots constrict you!
* * * LOW HITPOINT WARNING * * *
Jorgrun looks more healthy.
The black mamba bites you but does no damage.
The black mamba bites you. The black mamba bites you.
Jorgrun hits you but does no damage. The grasping roots constrict you!
* * * LOW HITPOINT WARNING * * *
The black mamba bites you.
* * * LOW HITPOINT WARNING * * *
The black mamba bites you!
* * * LOW HITPOINT WARNING * * *
Jorgrun hits you with a +0 heavy quarterstaff!!
You die...

#.# #.# #.#
#.. ##.#
######..##
.........#
......g..###
###...S@...#
.........###
##########


You could see Jorgrun and a black mamba.

Vanquished Creatures
  A nagaraja (Snake:2)
  A deep elf sorcerer (Elf:1)
  An orc warlord (Orc:2)
  An eleionoma (Swamp:2)
  2 bunyips
  A deep elf death mage (Elf:1)
  The ghost of halvedace the Nimble, a journeyman DrBe of Trog (Orc:2)
  A shambling mangrove (Swamp:1)
  The ghost of BlueFalcon the Tainter, a journeyman DsVM of Kikubaaqudgha (D:12)
  Fannar (Orc:1)
  2 catoblepae (Lair:2)
  3 hydras
  2 anacondas (Snake:2)
  6 death yaks (Lair:1)
  2 boulder beetles (D:7)
  3 two-headed ogres
  2 dancing weapons (Elf:1)
  A naga sharpshooter (Snake:1)
  6 orc high priests
  A naga warrior (Snake:1)
  The ghost of Pebb the Destroyer, a novice DrCj of Vehumet (Lair:1)
  7 deep elf knights (Elf:1)
  4 goliath frogs
  2 swamp dragons
  2 naga ritualists
  2 sea snakes (Snake:2)
  3 bog bodies
  4 deep elf archers (Elf:1)
  4 orc knights (Orc:2)
  20 deep elf pyromancers
  12 deep elf zephyrmancers (Elf:1)
  7 orc sorcerers
  2 mana vipers
  A salamander (Snake:1)
  2 cyclopes
  A will-o-the-wisp (Swamp:2)
  3 manticores
  19 black mambas
  2 elephants (Lair:2)
  A guardian serpent (Snake:1)
  A naga mage (Lair:2)
  3 gargoyles (D:12)
  9 cane toads
  A torpor snail (Lair:4)
  Psyche (D:8)
  4 rime drakes (Lair:2)
  6 komodo dragons
  7 trolls
  7 hornets
  4 tyrant leeches
  8 blink frogs
  A slime creature (D:12)
  5 shadows
  6 spriggans
  A water elemental (Elf:1)
  A vampire (D:10)
  7 wyverns
  4 wraiths
  34 yaks
  4 basilisks
  9 vampire mosquitoes
  A steam dragon (D:9)
  5 swamp worms
  11 nagas
  2 wargs (Orc:1)
  3 acid dragons
  20 water moccasins
  A sky beast (D:6)
  4 ice beasts
  The ghost of Grunkalo the Ducker, an amateur OgWn of Ignis (D:3)
  36 orc warriors
  11 wolves
  2 centaurs (D:7)
  10 ogres
  A phantom (D:7)
  A kobold brigand (D:10)
  16 bullfrogs
  A necrophage (D:5)
  2 gnoll sergeants
  6 scorpions
  3 wights (D:10)
  6 killer bees (D:11)
  9 electric eels
  6 howler monkeys
  5 hounds
  A jelly (D:4)
  32 orc priests
  2 gnoll boudas
  A scorpion zombie (D:3)
  Terence (D:3)
  2 iguanas
  2 sleepcaps
  26 orc wizards
  A hound zombie (D:3)
  A hound skeleton (D:5)
  15 gnolls
  7 adders
  A howler monkey skeleton (D:3)
  A shadow imp (D:8)
  5 white imps
  An adder skeleton (D:3)
  An adder zombie (D:3)
  4 worms
  3 dart slugs
  81 orcs
  5 endoplasms
  A giant cockroach (D:2)
  11 goblins
  12 hobgoblins
  2 quokkas (D:4)
  7 ball pythons
  A ball python zombie (D:3)
  4 bats
  3 frilled lizards
  11 kobolds
  6 rats
675 creatures vanquished.

Vanquished Creatures (collateral kills)
  17 foxfires
17 creatures vanquished.

Vanquished Creatures (others)
  A deep elf knight (Elf:1)
  A bloated husk (Swamp:2)
  A hornet (Swamp:2)
  An orc (D:6)
  993 foxfires
  18 fungi
  71 plants
  3 toadstools (Lair:2)
  7 withered plants
1096 creatures vanquished.

Grand Total: 1788 creatures vanquished

Notes
Turn   | Place    | Note
-------+----------+-------------------------------------------
     0 | D:1      | gelatine the Demonspawn Venom Mage began the quest for the
                  | Orb.
     0 | D:1      | Reached XP level 1. HP: 13/13 MP: 3/3
   112 | D:1      | Gained mutation: You have a small tail. [demonic ancestry]
   112 | D:1      | Reached XP level 2. HP: 11/20 MP: 0/5
  1023 | D:1      | Reached XP level 3. HP: 25/25 MP: 4/6
  1073 | D:2      | Reached skill level 1 in Transmutations
  1501 | D:2      | Reached XP level 4. HP: 31/31 MP: 6/8
  1692 | D:2      | Found Nevvuluu's Book Boutique.
  2287 | D:2      | Found Yluoxkip's Magic Scroll Emporium.
  2294 | D:2      | Bought a scroll of identify for 28 gold pieces
  2294 | D:2      | Bought a scroll of identify for 28 gold pieces
  2730 | D:3      | Reached skill level 3 in Spellcasting
  2939 | D:3      | Learned a level 2 spell: Poisonous Vapours
  2943 | D:3      | Learned a level 3 spell: Mephitic Cloud
  2964 | D:3      | Reached skill level 1 in Fighting
  3092 | D:3      | Reached XP level 5. HP: 23/37 MP: 5/9
  3378 | D:2      | Learned a level 4 spell: Olgreb's Toxic Radiance
  4112 | D:3      | Noticed Terence
  4125 | D:3      | Killed Terence
  4126 | D:3      | Reached skill level 1 in Armour
  4267 | D:3      | Found a shimmering blue altar of Sif Muna.
  4351 | D:3      | Found a runed translucent gate.
  4351 | D:3      | Found a runed translucent gate.
  4351 | D:3      | Found a runed translucent gate.
  4351 | D:3      | Noticed Grunkalo's ghost (amateur OgWn)
  4353 | D:3      | Found a basalt altar of Yredelemnul.
  4365 | D:3      | Gained mutation: You are partially covered in thin metallic
                  | scales. (AC +2) [demonic ancestry]
  4365 | D:3      | Reached XP level 6. HP: 34/44 MP: 10/10
  4774 | D:4      | Reached skill level 1 in Long Blades
  4872 | D:4      | Got the Directory of Hypothermia
  5046 | D:4      | Reached skill level 1 in Conjurations
  5146 | D:4      | Gained mutation: You regenerate a little health from kills.
                  | [demonic ancestry]
  5146 | D:4      | Reached XP level 7. HP: 50/50 MP: 3/12
  5541 | D:4      | Learned a level 1 spell: Foxfire
  5542 | D:5      | Entered Level 5 of the Dungeon
  6032 | D:5      | Reached skill level 4 in Spellcasting
  6268 | D:5      | Found a sacrificial altar of Ru.
  6370 | D:5      | Gained mutation: You regenerate health from kills. [demonic
                  | ancestry]
  6370 | D:5      | Reached XP level 8. HP: 57/57 MP: 6/14
  6451 | D:5      | Identified the +0 scale mail "Jalonaf" {rCorr Slay+3}
  6516 | D:5      | Found a hazy altar of Hepliaklqana.
  6640 | D:5      | Reached skill level 1 in Fire Magic
  6703 | D:5      | Found a burning altar of Makhleb.
  6719 | D:5      | Reached skill level 5 in Poison Magic
  7340 | D:6      | Found a staircase to the Ecumenical Temple.
  7364 | Temple   | Entered the Ecumenical Temple
  7459 | Temple   | Became a worshipper of Vehumet
  7547 | D:6      | Reached skill level 5 in Spellcasting
  7883 | D:6      | Gained mutation: You are mostly covered in thin metallic
                  | scales. (AC +3) [demonic ancestry]
  7883 | D:6      | Reached XP level 9. HP: 64/64 MP: 12/16
  7998 | D:6      | Found an opulent altar of Gozag.
  8779 | D:7      | Found a snail-covered altar of Cheibriados.
  8991 | D:7      | Noticed a troll
  8991 | D:7      | Noticed a boulder beetle
  8998 | D:7      | Noticed a boulder beetle
  9002 | D:7      | Killed a troll
  9004 | D:7      | Killed a boulder beetle
  9004 | D:7      | Reached * piety under Vehumet
  9004 | D:7      | Offered knowledge of Kiss of Death by Vehumet.
  9005 | D:7      | Reached skill level 6 in Spellcasting
  9005 | D:7      | Reached skill level 1 in Air Magic
  9041 | D:7      | Gained mutation: You have a tail ending in a sharp stinger.
                  | [demonic ancestry]
  9041 | D:7      | Reached XP level 10. HP: 72/72 MP: 7/19
  9044 | D:7      | Killed a boulder beetle
  9047 | D:7      | Noticed a manticore
  9057 | D:7      | Killed a manticore
  9081 | D:7      | Identified the +5 long sword "Esoeheal" {speed, rElec rF-
                  | Str+2}
  9081 | D:7      | Noticed a deep elf pyromancer
  9087 | D:7      | Killed a deep elf pyromancer
  9401 | D:7      | Found Geixoh's Antique Weapon Shop.
  9649 | D:7      | Found Suklau's Magic Scroll Boutique.
  9714 | D:3      | Killed Grunkalo's ghost
  9802 | D:2      | Bought a Trismegistus Codex for 312 gold pieces
  9806 | D:2      | Learned a level 3 spell: Ignite Poison
 10055 | D:7      | Found Imnabb's Jewellery Shop.
 10104 | D:7      | Reached skill level 5 in Stealth
 10299 | D:8      | Reached skill level 5 in Dodging
 10333 | D:8      | Noticed Psyche
 10345 | D:8      | Killed Psyche
 10517 | D:8      | Reached skill level 5 in Armour
 10517 | D:8      | Offered knowledge of Scorch by Vehumet.
 10518 | D:8      | Reached XP level 11. HP: 78/78 MP: 8/21
 10525 | D:8      | Learned a level 2 spell: Scorch
 10561 | D:8      | Reached ** piety under Vehumet
 10562 | D:8      | Reached skill level 7 in Spellcasting
 10737 | D:8      | Reached skill level 1 in Evocations
 10944 | D:8      | Noticed a two-headed ogre
 10951 | D:8      | Killed a two-headed ogre
 11799 | D:9      | Reached skill level 5 in Fighting
 11966 | D:9      | Found a blossoming altar of Fedhas.
 12060 | D:9      | Offered knowledge of Inner Flame by Vehumet.
 12504 | D:10     | Entered Level 10 of the Dungeon
 12652 | D:10     | Found a staircase to the Lair.
 13211 | D:10     | Found a portal to a secret trove of treasure.
 13471 | Lair:1   | Entered Level 1 of the Lair of Beasts
 13692 | Lair:1   | Noticed a death yak
 13692 | Lair:1   | Noticed a death yak
 13692 | Lair:1   | Noticed a death yak
 13694 | Lair:1   | Noticed a death yak
 13694 | Lair:1   | Noticed a death yak
 13696 | Lair:1   | Noticed a death yak
 13702 | Lair:1   | Killed a death yak
 13703 | Lair:1   | Reached skill level 5 in Long Blades
 13703 | Lair:1   | Reached skill level 5 in Conjurations
 13703 | Lair:1   | Reached skill level 5 in Fire Magic
 13708 | Lair:1   | Killed a death yak
 13709 | Lair:1   | Killed a death yak
 13713 | Lair:1   | Killed a death yak
 13716 | Lair:1   | Killed a death yak
 13716 | Lair:1   | Reached *** piety under Vehumet
 13722 | Lair:1   | Killed a death yak
 13753 | Lair:1   | Gained mutation: You are completely covered in thin
                  | metallic scales. (AC +4, rElec) [demonic ancestry]
 13753 | Lair:1   | Reached XP level 12. HP: 86/86 MP: 13/23
 14279 | Lair:1   | Found a large runed translucent door.
 14279 | Lair:1   | Found a large runed translucent door.
 14284 | Lair:1   | Noticed Pebb's ghost (novice DrCj)
 14969 | Lair:1   | Killed Pebb's ghost
 14975 | Lair:1   | Identified the staff of conjuration "Yfuela" {Str-2 Dex+5}
 15092 | Lair:2   | Offered knowledge of Flame Wave by Vehumet.
 15117 | Lair:2   | Learned a level 4 spell: Flame Wave
 15263 | Lair:2   | Found a runed translucent gate.
 15263 | Lair:2   | Found a runed translucent gate.
 15334 | Lair:2   | Found a runed translucent gate.
 15338 | Lair:2   | Noticed mandoloar's ghost (journeyman OpEE)
 15338 | Lair:2   | Noticed NateTC's ghost (journeyman GrFi)
 15424 | Lair:2   | Reached skill level 8 in Spellcasting
 15430 | Lair:2   | Reached **** piety under Vehumet
 15660 | Lair:2   | Noticed an eight-headed hydra
 15670 | Lair:2   | Killed a one-headed hydra
 15856 | Lair:2   | Offered knowledge of Hailstorm by Vehumet.
 16045 | Lair:2   | Noticed a seven-headed hydra
 16052 | Lair:2   | Killed a seven-headed hydra
 16142 | Lair:2   | Found a staircase to the Snake Pit.
 16299 | Lair:2   | Noticed a catoblepas
 16299 | Lair:2   | Noticed a catoblepas
 16299 | Lair:2   | Found the brooch of Shielding {Spirit SH+8}
 16319 | Lair:2   | Found a runed translucent door.
 16469 | Lair:2   | Noticed SirDiesAlot's ghost (journeyman TeSu)
 16887 | Lair:2   | Killed a catoblepas
 16888 | Lair:2   | Gained mutation: You have a sharp stinger which inflicts
                  | weakening toxins. [demonic ancestry]
 16888 | Lair:2   | Reached XP level 13. HP: 93/94 MP: 8/25
 17451 | Lair:3   | Found a staircase to the Swamp.
 18461 | Lair:4   | Found a snail-covered altar of Cheibriados.
 18563 | Lair:4   | Reached ***** piety under Vehumet
 18610 | Lair:4   | Offered knowledge of Eringya's Noxious Bog by Vehumet.
 18618 | Lair:4   | Learned a level 6 spell: Eringya's Noxious Bog
 18666 | Lair:4   | Reached skill level 1 in Shields
 18716 | Lair:4   | Found a viscous altar of Jiyva.
 18716 | Lair:4   | Found a staircase to the Slime Pits.
 19326 | Snake:1  | Entered Level 1 of the Snake Pit
 19537 | Lair:2   | Gained mutation: Your muscles are strong. (Str +4, Int/Dex
                  | -1) [potion of mutation]
 19537 | Lair:2   | Gained mutation: You are frail. (-10% HP) [potion of
                  | mutation]
 19537 | Lair:2   | Gained mutation: Your flesh is cold resistant. (rC+)
                  | [potion of mutation]
 19538 | Lair:2   | Lost mutation: Your muscles are strong. (Str +4, Int/Dex
                  | -1) [potion of mutation]
 19538 | Lair:2   | Lost mutation: Your flesh is cold resistant. (rC+) [potion
                  | of mutation]
 19538 | Lair:2   | Lost mutation: You are frail. (-10% HP) [potion of
                  | mutation]
 19538 | Lair:2   | Gained mutation: Your spells are a little easier to cast,
                  | but a little less powerful. [potion of mutation]
 19538 | Lair:2   | Gained mutation: You are agile. (Dex +4, Str/Int -1)
                  | [potion of mutation]
 19538 | Lair:2   | Gained mutation: Your skin changes colour to match your
                  | surroundings (Stealth+). [potion of mutation]
 19538 | Lair:2   | Lost mutation: Your spells are a little easier to cast, but
                  | a little less powerful. [potion of mutation]
 19688 | D:7      | Bought a ring of poison resistance for 200 gold pieces
 19688 | D:7      | Bought a +5 ring of evasion for 360 gold pieces
 20006 | Lair:2   | Identified a scroll of acquirement
 20006 | Lair:2   | Acquired 923 gold pieces
 20313 | D:2      | Bought a book of Annihilations for 720 gold pieces
 20364 | D:2      | Bought a scroll of blinking for 105 gold pieces
 20364 | D:2      | Bought a scroll of enchant armour for 105 gold pieces
 20619 | Swamp:1  | Entered Level 1 of the Swamp
 20639 | Swamp:1  | Noticed a bunyip
 20651 | Swamp:1  | Killed a bunyip
 20835 | Swamp:1  | Found a radiant altar of Vehumet.
 20861 | Swamp:1  | HP: 4/96 [spriggan rider/+0 spear (13)]
 21298 | D:11     | Found Xekew's Magic Scroll Boutique.
 21461 | D:11     | Reached skill level 9 in Spellcasting
 21669 | D:12     | Found a runed translucent gate.
 21671 | D:12     | Found a runed translucent gate.
 21672 | D:12     | Found a runed translucent gate.
 22003 | D:12     | Found a staircase to the Orcish Mines.
 22246 | D:12     | Noticed BlueFalcon's ghost (journeyman DsVM)
 22277 | D:12     | Reached XP level 14. HP: 102/103 MP: 27/27
 22485 | D:12     | Killed BlueFalcon's ghost
 22656 | Orc:1    | Entered Level 1 of the Orcish Mines
 22893 | Orc:2    | Entered Level 2 of the Orcish Mines
 22965 | Orc:2    | Offered knowledge of Airstrike by Vehumet.
 23407 | Orc:2    | Found a runed translucent gate.
 23408 | Orc:2    | Found a runed translucent gate.
 23408 | Orc:2    | Found an opulent altar of Gozag.
 23409 | Orc:2    | Found a runed translucent gate.
 23427 | Orc:2    | Noticed halvedace's ghost (journeyman DrBe)
 23540 | Orc:2    | Found a staircase to the Elven Halls.
 23799 | Orc:2    | Noticed an orc warlord
 23947 | Orc:2    | Killed an orc warlord
 24268 | Orc:2    | Found Zuv Hiatz's Antique Armour Emporium.
 24269 | Orc:2    | Found Orawke's Antique Weapon Emporium.
 24271 | Orc:2    | Found Gymy's General Store.
 24271 | Orc:2    | Found Tygesi's Book Shoppe.
 24360 | Orc:2    | Found Hoggoips's Assorted Antiques.
 24404 | Orc:2    | Killed halvedace's ghost
 24874 | Orc:1    | Noticed Fannar
 24893 | Orc:1    | Killed Fannar
 24894 | Orc:1    | Reached skill level 10 in Spellcasting
 25166 | Elf:1    | Entered Level 1 of the Elven Halls
 25191 | Elf:1    | Offered knowledge of Lee's Rapid Deconstruction by Vehumet.
 25198 | Elf:1    | Learned a level 5 spell: Lee's Rapid Deconstruction
 25598 | Elf:1    | Reached XP level 15. HP: 83/110 MP: 17/29
 25709 | Elf:1    | Reached skill level 10 in Poison Magic
 25728 | Elf:1    | Noticed a deep elf sorcerer
 25731 | Elf:1    | Killed a deep elf sorcerer
 25871 | Elf:1    | Found Ipiaqaedu's Book Emporium.
 26366 | Elf:1    | Reached skill level 11 in Spellcasting
 26717 | Elf:1    | Got the Guidebook on Creative Destruction
 27799 | Swamp:2  | Identified the +1 sling of Foolhardiness {speed, rC+ Dex+2}
 27855 | Swamp:2  | Reached skill level 1 in Earth Magic
 28371 | Snake:1  | Offered knowledge of Conjure Ball Lightning by Vehumet.
 28956 | Snake:2  | Noticed a nagaraja
 28970 | Snake:2  | Killed a nagaraja
 29723 | Snake:2  | Noticed Jorgrun
 29739 | Snake:2  | Slain by Jorgrun

Illustrated notes

Levels and vault maps discovered:
D:1:      sevenhm_arrival_forest_fort_small_4, layout_loops_cross,
          serial_park_tiny_1
D:2:      layout_basic, serial_shops, nicolae_shop_hallway_stairs,
          nicolae_shop_getting_attention, patterned_corridor
D:3:      layout_rooms, lemuel_doored_altar, nicolae_yredelemnul_ghost_church,
          serial_undead, serial_undead_f, serial_undead_d, serial_undead_e,
          serial_undead_c, hex_large, uniq_terence
D:4:      layout_gridville
D:5:      layout_basic, nicolae_hepliaklqana_hazy_memory,
          mainiacjoe_overflow_surrounded_room, makhleb_blood_cavern_becter
D:6:      layout_cave_pods, overflow_temple_1_default,
          minmay_temple_entry_statues_fountains, chequers_serial_rivers_micro_d
D:7:      minmay_the_grid_plus_closed [minmay_the_grid_paths,
          minmay_the_grid_minigrid_large, minmay_the_grid_stretched_grid,
          minmay_the_grid_plusring, minmay_the_grid_prize_four_corners],
          layout_gridville, kennysheep_slug_shrine, serial_shops,
          nicolae_shop_behind_doors, nicolae_shop_tiny_waterfront, shop
D:8:      layout_loops_ring, minmay_misc_feat_secret_circle, uniq_psyche
D:9:      layout_basic, mainiacjoe_overflow_boulevard, zin_academy
D:10:     layout_loops_ring, nicolae_tso_swordbearing_angel, lair_entry_dummy,
          trove_entry_hex_spiral
D:11:     layout_cross, serial_shops, shop
D:12:     layout_roguey, orc_0_dummy, gammafunk_ghost_split,
          minmay_misc_feat_diagonals
Temple:   nicolae_temple_hex_pool
Lair:1:   layout_layer_cave, ebering_ghost_disaster_area
Lair:2:   gammafunk_lair_enchanted_lake, layout_loops_ring,
          minmay_snake_entry_six_corridors, gammafunk_ghost_cemetery,
          st_stairs_3, beast_lair_carwin_8, serial_bayou_shore_b
Lair:3:   layout_regular_city, swamp_mist_pool, grunt_megastairs_2,
          infiniplex_staircase_pool, serial_bayou_shore_a, lemuel_fruit_tree
Lair:4:   layout_hall_layers, slime_entry_1, kennysheep_snail_temple
Swamp:1:  layout_basic_swamp, lemuel_altar_in_water
Swamp:2:  layout_falls_marsh, serial_swamp_ruin, evilmike_swamp_ruin_house_5,
          evilmike_swamp_ruin_house_1
Snake:1:  layout_rooms
Snake:2:  layout_basic, serial_bayou_lagoon_b, uniq_jorgrun
Orc:1:    layout_diamond_mine, uniq_fannar
Orc:2:    st_orc_congregation, layout_caves, ebering_ghost_gozag
Elf:1:    nicolae_elf_arrival_no_cutting_in_line, layout_loops_cross,
          serial_shops, nicolae_shop_window_shopping, minmay_elf_sorcery,
          st_stairs_13

Skill      XL: |  1  2  3  4  5  6  7  8  9 10 11 12 13 14 15 |
---------------+----------------------------------------------+-----
Dodging        | 2 3 4 5 6 7 8 9 |  9.0
Transmutations | 1 2 3 4 |  4.2
Stealth        | 2 3 4 5 |  5.5
Spellcasting   | 3 4 5 6 7 8 9 10 11 | 11.3
Fighting       | 1 2 3 4 5 6 7 8 9 |  9.0
Poison Magic   | 4 5 6 7 8 9 10 | 10.2
Armour         | 1 2 3 4 5 6 7 8 |  8.7
Long Blades    | 1 2 3 4 5 6 7 8 |  8.7
Conjurations   | 1 2 3 4 5 6 7 8 |  8.5
Fire Magic     | 2 3 4 5 6 7 8 9 |  9.1
Air Magic      | 1 2 3 |  3.6
Evocations     | 2 4 |  4.9
Shields        | 1 2 4 |  4.0
Earth Magic    | 1 |  1.7
Short Blades   | |  0.2

Action                     |  1- 3 |  4- 6 |  7- 9 | 10-12 | 13-15 || total
---------------------------+-------+-------+-------+-------+-------++-------
  Melee: Dagger            |    39 |    87 |       |       |       ||   126
         Tailslap          |     5 |    19 |    10 |    45 |    70 ||   149
         Long sword        |       |    35 |    76 |   235 |   442 ||   788
         Punch             |       |     1 |       |     3 |     2 ||     6
   Cast: Sting             |    59 |    67 |    32 |     5 |       ||   163
         Poisonous Vapours |       |    11 |     1 |     9 |    48 ||    69
         Olgreb's Toxic Ra |       |     4 |     8 |    28 |    73 ||   113
         Mephitic Cloud    |       |     3 |     5 |     7 |    18 ||    33
         Foxfire           |       |       |    99 |   197 |   283 ||   579
         Ignite Poison     |       |       |       |    30 |   101 ||   131
         Scorch            |       |       |       |    11 |    73 ||    84
         Flame Wave        |       |       |       |     6 |    25 ||    31
         Eringya's Noxious |       |       |       |       |     1 ||     1
  Evoke: Wand              |       |       |       |       |     3 ||     3
    Use: Scroll            |       |    11 |     1 |    14 |    15 ||    41
         Potion            |       |     3 |     1 |     6 |     9 ||    19
   Stab: Sleeping          |       |     1 |     1 |     5 |     6 ||    13
         Confused          |       |       |     2 |     1 |     1 ||     4
         Distracted        |       |       |       |       |     1 ||     1
 Armour: Robe              |     6 |    30 |    10 |       |       ||    46
         Leather armour    |       |       |     8 |    33 |       ||    41
         Scale mail        |       |       |     1 |       |       ||     1
         Troll leather arm |       |       |       |    68 |    38 ||   106
         Acid dragon scale |       |       |       |       |   134 ||   134
  Dodge: Dodged            |    34 |    91 |    37 |   154 |   488 ||   804
  Block: Other             |       |       |       |       |   185 ||   185

Table legend: (Time is in decaauts)
 A = Elapsed time spent in this place.
 B = Non-inter-level travel time spent in this place.
 C = Inter-level travel time spent in this place.
 D = Time resting spent in this place.
 E = Time spent auto-exploring this place.
 F = Levels seen in this place.
 G = Mean time per level.
                   A        B        C        D        E       F      G
               +--------+--------+--------+--------+--------+-----+--------+
         Total |  30127 |  27683 |   2444 |    100 |  22613 |  24 | 1255.3 |
       Dungeon |  15677 |  14117 |   1560 |      0 |  11638 |  12 | 1306.4 |
        Temple |    106 |     86 |     20 |      0 |     73 |   1 |  106.0 |
          Lair |   6952 |   6349 |    603 |    100 |   5290 |   4 | 1738.0 |
         Swamp |   1692 |   1646 |     46 |      0 |   1281 |   2 |  846.0 |
     Snake Pit |   1439 |   1439 |      0 |      0 |   1137 |   2 |  719.5 |
  Orcish Mines |   2758 |   2610 |    148 |      0 |   2070 |   2 | 1379.0 |
   Elven Halls |   1500 |   1436 |     64 |      0 |   1123 |   1 | 1500.0 |
               +--------+--------+--------+--------+--------+-----+--------+

Top non-repeatable levels by time:
  Lair:2: 3089 daAuts
     D:2: 2451 daAuts
   Orc:2: 1845 daAuts
     D:5: 1703 daAuts
     D:7: 1636 daAuts
  Lair:1: 1599 daAuts
   Elf:1: 1500 daAuts
     D:3: 1480 daAuts
     D:6: 1373 daAuts
  Lair:3: 1318 daAuts
     D:9: 1213 daAuts
    D:10: 1211 daAuts
     D:8: 1183 daAuts
     D:1: 1025 daAuts
    D:12: 995 daAuts
